 Dungeon Crawl Stone Soup version 0.17-a0-2215-g49c1de0 (webtiles) character file.

223 radek the Conjurer (level 5, -8/28 HPs)
             Began as a Deep Elf Conjurer on Oct 27, 2015.
             Mangled by a gnoll
             ... wielding a +0 spear
              (10 damage)
             ... on level 4 of the Dungeon.
             The game lasted 00:13:42 (3559 turns).

radek the Conjurer (Deep Elf Conjurer)              Turns: 3559, Time: 00:13:42

Health: -8/28      AC:  3    Str:  9    XL:     5   Next: 66%
Magic:  3/11       EV: 13    Int: 21    God:
Gold:   267        SH:  0    Dex: 15    Spells: 2 memorised, 4 levels left

rFire  x . .     SeeInvis .     s - +2 dagger (venom)
rCold  + . .     Clarity  .     a - +0 robe
rNeg   . . .     SustAt   .     (no shield)
rPois  .         Gourm    .     y - +0 helmet
rElec  .         Spirit   .     (no cloak)
rCorr  .         Warding  .     (no gloves)
rMut   .         Stasis   .     (no boots)
MR     .....                    t - amulet of rage
Stlth  ++........               E - ring of ice
                                k - +4 ring of strength

@: not resistant to hostile enchantments, unstealthy
A: no striking features
a: Evoke Berserk Rage


You were on level 4 of the Dungeon.
You were not hungry.

You visited 2 branches of the dungeon, and saw 5 of its levels.

You collected 267 gold pieces.

Inventory:

Hand Weapons
 s - a +2 dagger of venom (weapon)
 F - a +0 whip of flaming
Armour
 a - a +0 robe (worn)
 m - a +0 helmet
 w - a +0 buckler
 y - a +0 helmet (worn)
Magical Staves
 G - an uncursed staff of poison
Jewellery
 k - a +4 ring of strength (left hand)
 o - an uncursed ring of protection from fire
 t - an amulet of rage (around neck)
 E - a ring of ice (right hand)
Scrolls
 d - a scroll of noise {unknown}
 f - 3 scrolls of teleportation {unknown}
 h - 4 scrolls of identify {unknown}
 i - 3 scrolls of remove curse {unknown}
 j - 2 scrolls of enchant weapon {unknown}
 l - a scroll of fog {unknown}
 q - 2 scrolls of enchant armour {unknown}
 x - a scroll of magic mapping {unknown}
 z - a scroll of fear {unknown}
 B - 2 scrolls of blinking {unknown}
Potions
 e - 2 potions of haste {unknown}
 p - a potion of heal wounds {unknown}
 r - a potion of brilliance {unknown}
 u - 2 potions of curing {unknown}
 v - a potion of might {unknown}
 A - a potion of poison {unknown}
 C - a potion of agility {unknown}
Books
 b - a book of Conjurations

   Spells                             Type                      Level
   a - Magic Dart                     Conjuration                  1
   b - Searing Ray                    Conjuration                  2
   c - Dazzling Spray                 Conjuration/Hexes            3
   d - Fulminant Prism                Conjuration/Hexes            4
   e - Iskenderun's Mystic Blast      Conjuration                  4
   f - Iskenderun's Battlesphere      Conjuration/Charms           5
Comestibles
 c - a bread ration
 g - 5 meat rations
 n - 9 fruits
 D - 2 chunks of flesh


   Skills:
 + Level 0.1 Maces & Flails
 + Level 0.2 Staves
 - Level 2.4 Dodging
 - Level 2.4 Stealth
 - Level 3.0 Spellcasting
 - Level 7.1 Conjurations
 * Level 3.1 Charms


You had 4 spell levels left.
You knew the following spells:

 Your Spells              Type           Power        Failure   Level  Hunger
a - Magic Dart            Conj           ####         1%          1    None
b - Iskenderun's Battles  Conj/Chrm      ###.....     54%         5    ######.


Dungeon Overview and Level Annotations

Branches:
Dungeon (4/15)             Temple (1/1) D:4

Altars:
Ashenzari
Cheibriados
Dithmenos
Elyvilon
Fedhas
Gozag
Makhleb
Nemelex Xobeh
Okawaru
Ru
Sif Muna
Trog
Xom
Yredelemnul
The Shining One

Shops:
D:3 *

Annotations:
D:4 concernedbohemian's ghost, amateur DEAr


Message History

The magic dart hits the gnoll shaman.
The gnoll shaman is almost dead.
The gnoll hits you from afar with a spear!
The gnoll shaman closely misses you.
Casting: Magic Dart
Confirm with . or Enter, or press ? or * to list all spells.
Aiming: Magic Dart
Press: ? - help, Shift-Dir - straight line, f/p - gnoll shaman
Aim: a gnoll shaman, wielding a club and wearing a leather armour (almost dead)
The magic dart hits the gnoll shaman.
You kill the gnoll shaman!
Your Charms skill gained 2 levels and is now at level 3!
The gnoll closely misses you.
The gnoll hits you from afar with a spear.
The gnoll hits you from afar with a spear.
* * * LOW HITPOINT WARNING * * *
The gnoll hits you from afar with a spear.
* * * LOW HITPOINT WARNING * * *
The gnoll hits you from afar with a spear!
You die...

#...#
##################.#
.)..).........)..#.#
################.#.####
# #.#....# # #.####.# #
#g# #.# # #.# #.# #
#####@####.# #
#..........# #####
#.###..##### ....# #.#
##.# .##.## #.# #.#
.....### #.####.#
.......# #......#
..⌠..#.############
.....#.......<##


You could see a gnoll.

Vanquished Creatures
  A gnoll shaman (D:4)
  A worker ant (D:4)
  7 adders
  2 gnolls (D:4)
  A worm (D:2)
  3 giant geckos
  9 orcs
  2 ball pythons
  9 bats
  7 goblins
  8 hobgoblins
  4 jackals (D:3)
  2 quokkas
  A giant cockroach (D:1)
  A giant newt (D:3)
  8 kobolds
  7 rats
73 creatures vanquished.

Notes
Turn   | Place    | Note
--------------------------------------------------------------
     0 | D:1      | radek the Deep Elf Conjurer began the quest for the Orb.
     0 | D:1      | Reached XP level 1. HP: 10/10 MP: 6/6
   232 | D:1      | Reached XP level 2. HP: 15/15 MP: 5/8
   321 | D:1      | Reached skill level 5 in Conjurations
   799 | D:2      | Found a glowing golden altar of the Shining One.
   799 | D:2      | Found a sparkling altar of Nemelex Xobeh.
   901 | D:2      | Reached XP level 3. HP: 19/19 MP: 1/9
   982 | D:2      | Found a snail-covered altar of Cheibriados.
  1517 | D:3      | Reached skill level 6 in Conjurations
  1812 | D:3      | Reached XP level 4. HP: 24/24 MP: 5/10
  2193 | D:3      | Found Gozag's Platinum Reserve.
  2194 | D:3      | Found an opulent altar of Gozag.
  2938 | D:4      | Found a staircase to the Ecumenical Temple.
  2966 | Temple   | Entered the Ecumenical Temple
  3127 | D:4      | Found a blossoming altar of Fedhas.
  3177 | D:4      | Reached skill level 7 in Conjurations
  3177 | D:4      | Reached XP level 5. HP: 28/28 MP: 5/11
  3229 | D:4      | Learned a level 5 spell: Iskenderun's Battlesphere
  3321 | D:4      | Noticed concernedbohemian's ghost (amateur DEAr)
  3359 | D:4      | Reached skill level 1 in Charms
  3559 | D:4      | Mangled by a gnoll

Vault maps used:
D:1:      tarquinn_simple_flora_water_b
D:2:      cheibriados_altar_1, gammafunk_temple_overflow_wave, first_bread,
          serial_glass, glass_columns_a, glass_columns_a, minmay_hedge_maze
D:3:      small_statue_intersection, nicolae_gozag_zags_fifth_avenue
D:4:      lemuel_upstairs_altar, minmay_temple_entry_large_hall, serial_shops,
          shop_fountains, fedhas_altar_2
Temple:   circular_temple_12

Action                   |  1- 3 |  4- 6 || total
-------------------------+-------+-------++-------
Melee: Dagger            |       |     3 ||     3
 Cast: Magic Dart        |    79 |    87 ||   166
  Eat: Chunk             |     3 |     2 ||     5
       Bread ration      |       |     1 ||     1
